 Dungeon Crawl Stone Soup version 0.19-a0-288-g67c72eb (webtiles) character file.

9265 IcyTea the Cleaver (level 11, 92/92 HPs)
             Began as a Red Draconian Warper on May 27, 2016.
             Was a Follower of Ukayaw.
             Quit the game on level 1 of the Lair of Beasts.
             The game lasted 00:56:58 (12056 turns).

IcyTea the Cleaver (Red Draconian Warper)          Turns: 12056, Time: 00:56:58

Health: 92/92      AC: 14    Str: 19    XL:     11   Next: 20%
Magic:  18/18      EV: 12    Int: 19    God:    Ukayaw [*.....]
Gold:   185        SH:  0    Dex: 10    Spells: 7 memorised, 2 levels left

rFire  + . .     SeeInvis +     B - +0 battleaxe
rCold  . . .     Gourm    .     (armour unavailable)
rNeg   . . .     Faith    +     (shield currently unavailable)
rPois  .         Spirit   .     (helmet restricted)
rElec  .         Dismiss  .     D - +2 cloak
rCorr  .         Reflect  .     k - +1 pair of gloves
SustAt .         Harm     .     K - +1 pair of boots "Tuojent" {Int+2}
MR     .....                    J - amulet of faith
Stlth  +.........               o - +3 ring of strength
                                O - ring of see invisible

@: not resistant to hostile enchantments, very unstealthy
A: breathe fire, unfitting armour, talons 1, fire resistance 1, screaming 1,
slow regeneration 1, strong 1, cold-blooded, AC +7
a: Breathe Fire, Stomp, Renounce Religion


You were on level 1 of the Lair of Beasts.
You worshipped Ukayaw.
Ukayaw was aware of your devotion.
You were not hungry.

You visited 4 branches of the dungeon, and saw 13 of its levels.

You collected 576 gold pieces.
You spent 391 gold pieces at shops.

Inventory:

Hand Weapons
 B - a +0 battleaxe (weapon)
Missiles
 a - 21 tomahawks
 d - 2 tomahawks of dispersal
 C - 7 poisoned javelins (quivered)
Armour
 k - a +1 pair of gloves (worn)
 D - a +2 cloak (worn)
 K - the +1 pair of boots "Tuojent" (worn) {Int+2}
   (You bought it in a shop on level 9 of the Dungeon)

   It affects your intelligence (+2).
Jewellery
 e - an uncursed ring of poison resistance
 m - an uncursed ring of protection from fire
 n - a +3 ring of protection
 o - a +3 ring of strength (right hand)
 v - an uncursed ring of flight
 x - an uncursed ring of protection from cold
 J - an amulet of faith (around neck)
 O - a ring of see invisible (left hand)
Wands
 u - a wand of digging (15/24)
 F - a wand of lightning (7/15)
 G - a wand of iceblast (5/15)
 I - a wand of paralysis (15/24)
 M - a wand of iceblast (6/15)
Scrolls
 c - 3 scrolls of blinking
 g - 5 scrolls of magic mapping
 p - 10 scrolls of teleportation
 s - 4 scrolls of remove curse
 t - 2 scrolls of identify
 y - 4 scrolls of enchant armour
 E - 2 scrolls of fog
 N - a scroll of immolation
 Q - a scroll of fear
 R - a scroll of enchant weapon {unknown}
Potions
 i - 2 potions of agility
 l - 3 potions of lignification
 q - 5 potions of curing
 r - 2 potions of heal wounds
 z - 2 potions of flight
 A - a potion of haste
Books
 b - a book of Spatial Translocations

   Spells                             Type                      Level
   a - Apportation                    Translocation                1
   b - Blink                          Translocation                2
   c - Shroud of Golubria             Charms/Translocation         2
   d - Portal Projectile              Translocation                3
   e - Teleport Other                 Translocation                3
   f - Passage of Golubria            Translocation                4
 H - a book of the Tempests

   Spells                             Type                      Level
   a - Static Discharge               Conjuration/Air              3
   b - Lightning Bolt                 Conjuration/Air              5
   c - Fireball                       Conjuration/Fire             5
   d - Tornado                        Air                          9
   e - Shatter                        Earth                        9
 P - a Fen Folio

   Spells                             Type                      Level
   a - Corpse Rot                     Necromancy                   2
   b - Stone Arrow                    Conjuration/Earth            3
   c - Leda's Liquefaction            Hexes/Earth                  4
   d - Summon Forest                  Summoning/Translocation      5
   e - Hydra Form                     Transmutation                6
   f - Summon Hydra                   Summoning                    7
Comestibles
 f - 9 bread rations
 h - 4 meat rations
 j - a slice of pizza
 w - 4 royal jellies
 L - a beef jerky


   Skills:
 - Level 7.0 Fighting
 - Level 14.1 Axes
 - Level 1.6 Throwing
 - Level 2.1 Dodging
 - Level 5.0 Spellcasting
 - Level 5.0 Conjurations
 - Level 5.0 Translocations
 + Level 4.9 Fire Magic
 - Level 3.2 Invocations


You had 2 spell levels left.
You knew the following spells:

 Your Spells              Type           Power        Failure   Level  Hunger
a - Apportation           Tloc           ###.......   1%          1    None
b - Blink                 Tloc           N/A          2%          2    #......
c - Shroud of Golubria    Chrm/Tloc      ##........   10%         2    #......
d - Teleport Other        Tloc           ###.....     6%          3    ##.....
e - Cure Poison           Pois           #.........   21%         2    #......
f - Mephitic Cloud        Conj/Pois/Air  ##......     21%         3    ##.....
g - Fireball              Conj/Fire      ###.......   50%         5    ######.


Dungeon Overview and Level Annotations

Branches:
Dungeon (10/15)            Temple (1/1) D:5            Lair (1/8) D:10
    Orc (1/2) D:9

Altars:
Ashenzari
Cheibriados
Dithmenos
Elyvilon
Fedhas
Gozag
Hepliaklqana
Kikubaaqudgha
Makhleb
Nemelex Xobeh
Okawaru
Pakellas
Qazlal
Ru
Sif Muna
Trog
Ukayaw
Vehumet
Xom
Yredelemnul
Zin
The Shining One

Shops:
D:8 }   D:9 *   D:10 }=


Innate Abilities, Weirdness & Mutations

You can breathe blasts of fire.
Your fiery red scales are hard (AC +7).
Your body does not fit into most forms of armour.
Your flesh is heat resistant. (rF+)
You are cold-blooded and may be slowed by cold attacks.
You have sharp toenails.
You occasionally shout uncontrollably at your foes.
You regenerate slowly when monsters are visible.
Your muscles are strong. (Str +2)


Message History

The basilisk bites you but does no damage.
You turn to flesh and can move again.
Press: ? - help, Shift-Dir - straight line, f - basilisk
Aim: a basilisk (moderately wounded)
You breathe a blast of fire.
The fiery breath hits the basilisk.
The basilisk is severely wounded.
You feel somewhat more hungry. The basilisk misses you.
You slash the basilisk!
You kill the basilisk!
You can now pass through a line of other dancers.
You start resting.
You can no longer pass through a line of other dancers.
You have got your breath back.
You start resting.
Eating a chunk of flesh.
This raw flesh tastes terrible.
You continue eating. x2
HP restored.
Quiver which item? (- for none, * to show all) (? for menu, Esc to quit)
Okay, then.
Are you sure you want to abandon this character and quit the game? (Confirm with "yes".)

.#.... ##. ....#...#
#..♣ .......## #....
##### ##...##...###.....
#...###.##...#........#
.............#...♣....#
..†..........#)......#
.†...........#.♣@..♣..#
.†††....÷....#.......#
..........#.#....♣....#
...........##.........#
..........#.....#.....#
.....(...#.....####....#
.........+.♣..## #...#
............### #.?.
#......P.##.# .%


There were no monsters in sight!

Vanquished Creatures
  An unseen horror (D:10)
  2 hill giants
  An elephant (D:10)
  A komodo dragon (Lair:1)
  A spriggan (D:7)
  A wyvern (D:8)
  2 basilisks
  4 hippogriffs
  A vampire mosquito (D:6)
  2 water moccasins
  2 orc warriors
  4 sky beasts
  An eye of draining (D:9)
  2 ice beasts
  A phantom (D:6)
  A wasp (D:9)
  3 black bears (D:10)
  4 ogres
  5 centaurs
  3 crocodiles
  3 big kobolds
  3 giant frogs
  A gnoll sergeant (D:7)
  2 wyvern skeletons
  5 scorpions
  7 killer bees
  3 howler monkeys
  6 crimson imps
  A centaur zombie (D:10)
  4 jellies
  5 hounds
  5 orc priests
  Crazy Yiuf (D:5)
  12 orc wizards
  4 iguanas
  4 worker ants
  8 sheep
  2 hound skeletons
  A worker ant zombie (D:8)
  3 gnolls (D:7)
  9 adders
  10 river rats (Lair:1)
  5 shadow imps
  3 adder skeletons (D:4)
  2 worms
  A dart slug (D:4)
  7 giant geckos
  34 orcs
  A ball python (D:5)
  A bat zombie (D:4)
  7 giant cockroaches
  8 goblins
  2 hobgoblins
  5 jackals
  22 kobolds
  3 quokkas
  9 bats
  10 giant newts
  A goblin zombie (D:4)
  2 hobgoblin zombies (D:4)
  A kobold skeleton (D:4)
  A kobold zombie (D:4)
  2 orc skeletons (D:4)
  An orc zombie (D:4)
  13 rats
  2 rat zombies (D:4)
284 creatures vanquished.

Vanquished Creatures (others)
  A manticore (D:2)
1 creature vanquished.

Grand Total: 285 creatures vanquished

Notes
Turn   | Place    | Note
--------------------------------------------------------------
     0 | D:1      | IcyTea the Draconian Warper began the quest for the Orb.
     0 | D:1      | Reached XP level 1. HP: 17/17 MP: 3/3
   246 | D:1      | Reached XP level 2. HP: 21/24 MP: 5/5
   269 | D:1      | Learned a level 2 spell: Blink
   272 | D:1      | Learned a level 2 spell: Shroud of Golubria
   313 | D:1      | Gained mutation: Your system is resistant to poisons. (rPois) [potion of mutation]
   313 | D:1      | Gained mutation: You evolve. [potion of mutation]
   313 | D:1      | Gained mutation: Your mind is acute. (Int +2) [potion of mutation]
   314 | D:1      | Gained mutation: Your muscles are strong. (Str +2) [potion of mutation]
   314 | D:1      | Gained mutation: Your spells are a little harder to cast, but a little more powerful. [potion of mutation]
   314 | D:1      | Lost mutation: Your system is resistant to poisons. (rPois) [potion of mutation]
   460 | D:1      | Reached skill level 3 in Axes
   601 | D:1      | Gained mutation: You have sharp toenails. [evolution]
   601 | D:1      | Lost mutation: You evolve. [end of evolution]
   896 | D:2      | Reached XP level 3. HP: 29/29 MP: 6/6
   958 | D:2      | Gained mutation: You regenerate slowly when monsters are visible. [potion of mutation]
   958 | D:2      | Gained mutation: Your muscles are very strong. (Str +4) [potion of mutation]
  1072 | D:2      | Found a white marble altar of Elyvilon.
  1235 | D:2      | Found an oddly glowing altar of Pakellas.
  1236 | D:2      | Noticed a manticore
  1241 | D:2      | Killed a manticore
  1489 | D:3      | Reached skill level 4 in Axes
  1819 | D:3      | Reached XP level 4. HP: 28/36 MP: 7/7
  2440 | D:3      | Reached skill level 5 in Axes
  2440 | D:3      | Reached XP level 5. HP: 28/41 MP: 8/8
  2750 | D:4      | Reached skill level 6 in Axes
  2917 | D:4      | Noticed an ogre
  2948 | D:3      | Learned a level 3 spell: Teleport Other
  2990 | D:4      | Found a sparkling altar of Nemelex Xobeh.
  3094 | D:4      | Found a hide-covered altar to Ukayaw.
  3097 | D:4      | Became a worshipper of Ukayaw the Reveler
  3129 | D:4      | Reached * piety under Ukayaw
  3130 | D:4      | Reached XP level 6. HP: 48/48 MP: 9/9
  3190 | D:4      | Reached ** piety under Ukayaw
  3266 | D:4      | Reached skill level 7 in Axes
  3303 | D:4      | Found a glowing golden altar of the Shining One.
  3319 | D:4      | Reached *** piety under Ukayaw
  3321 | D:4      | Reached **** piety under Ukayaw
  3375 | D:4      | Found an ancient bone altar of Kikubaaqudgha.
  3462 | D:4      | Your scales start taking on a fiery red colour.
  3462 | D:4      | Reached XP level 7. HP: 8/55 MP: 1/10
  3462 | D:4      | Gained mutation: Your flesh is heat resistant. (rF+) [Red Draconian growth]
  3942 | D:5      | Entered Level 5 of the Dungeon
  4029 | D:5      | Lost mutation: Your spells are a little harder to cast, but a little more powerful. [potion of cure mutation]
  4029 | D:5      | Lost mutation: Your muscles are very strong. (Str +4) [potion of cure mutation]
  4029 | D:5      | Lost mutation: Your mind is acute. (Int +2) [potion of cure mutation]
  4031 | D:5      | Reached skill level 14 in Axes
  4031 | D:5      | Reached XP level 8. HP: 61/61 MP: 11/11
  4056 | D:5      | Gained mutation: You occasionally shout uncontrollably at your foes. [mutagenic meat]
  4059 | D:5      | Found a sparkling altar of Nemelex Xobeh.
  4144 | D:5      | Found a sacrificial altar of Ru.
  4412 | D:5      | Found a glowing golden altar of the Shining One.
  4528 | D:5      | Noticed Crazy Yiuf
  4540 | D:5      | Killed Crazy Yiuf
  4689 | D:5      | Found a staircase to the Ecumenical Temple.
  4702 | Temple   | Entered the Ecumenical Temple
  5042 | D:6      | Reached ***** piety under Ukayaw
  5046 | D:6      | Reached skill level 5 in Translocations
  5052 | D:6      | Reached ****** piety under Ukayaw
  5055 | D:6      | Reached skill level 1 in Invocations
  5060 | D:6      | Reached XP level 9. HP: 32/67 MP: 12/12
  5500 | D:6      | Identified the Papyrus of Envenoming
  5599 | D:6      | Found a shattered altar of Ashenzari.
  5753 | D:6      | Noticed a hill giant
  5783 | D:6      | Killed a hill giant
  5783 | D:6      | Reached skill level 5 in Fighting
  6170 | D:7      | Found a shadowy altar of Dithmenos.
  7027 | D:7      | Learned a level 2 spell: Cure Poison
  7483 | D:8      | Reached XP level 10. HP: 75/86 MP: 13/13
  7491 | D:8      | Learned a level 3 spell: Mephitic Cloud
  8094 | D:8      | Found Qeskufoige's Gadget Shoppe.
  8098 | D:8      | Bought a wand of iceblast (5/15) for 135 gold pieces
  8522 | D:9      | Found Roirism's Assorted Antiques.
  8527 | D:9      | Bought a pair of polished boots for 256 gold pieces
  8527 | D:9      | Identified the +1 pair of boots "Tuojent" {Int+2} (You bought it in a shop on level 9 of the Dungeon)
  8617 | D:9      | Reached skill level 1 in Conjurations
  8757 | D:9      | Found an opulent altar of Gozag.
  8777 | D:9      | Found a staircase to the Orcish Mines.
  8953 | Orc:1    | Entered Level 1 of the Orcish Mines
  9577 | D:10     | Entered Level 10 of the Dungeon
  9602 | D:10     | Found Fats's Gadget Emporium.
  9635 | D:10     | Noticed an elephant
  9637 | D:10     | Found a staircase to the Lair.
  9640 | D:10     | Noticed a hill giant
  9672 | D:10     | Killed an elephant
  9678 | D:10     | HP: 1/86 [hill giant/giant club (25)]
  9679 | D:10     | Killed a hill giant
 10123 | D:10     | Reached skill level 5 in Conjurations
 10694 | D:10     | Noticed an unseen horror
 10703 | D:10     | Killed an unseen horror
 10810 | D:10     | Found Jennil's Jewellery Emporium.
 11167 | D:10     | Reached skill level 5 in Spellcasting
 11167 | D:10     | Reached XP level 11. HP: 92/92 MP: 18/18
 11175 | D:10     | Reached skill level 1 in Throwing
 11218 | D:10     | Learned a level 5 spell: Fireball
 11402 | D:10     | Reached skill level 1 in Fire Magic
 11434 | Lair:1   | Entered Level 1 of the Lair of Beasts
 11715 | Lair:1   | Noticed a six-headed hydra
 12056 | Lair:1   | Quit the game

Vault maps used:
D:1:      dpeg_arrival_ratfight
D:2:      gammafunk_pakellas_spire_experiment, serial_bayou_pond_c,
          lemuel_statue_altar
D:4:      kennysheep_six_static_rooms, nicolae_tso_besieged_by_evil,
          kennysheep_mini, lemuel_zombie_altar_kikubaaqudgha, nemelex_deck,
          first_bread
D:5:      nicolae_ru_path_of_blood, minmay_temple_entry_enclosed_plants,
          basic_altar, hex_medium, nemelex_diamond_rough_becter,
          uniq_crazy_yiuf_cottage
D:6:      hangedman_cross_stitches, ashenzari_altar_1
D:7:      nicolae_overflow_crystal_walls, the_bakery
D:8:      serial_shops, kennysheep_mini_moat
D:9:      orc_0_dummy, serial_shops, kennysheep_little_box, basic_altar
D:10:     david_lair_generic, serial_shops, nicolae_shop_statue_plus,
          nicolae_shop_stone, minmay_lizard_king
Temple:   minmay_temple_curvy_14
Lair:1:   grunt_megastairs_4
Orc:1:    serial_shops, shop, uniq_erolcha

Skill      XL: |  1  2  3  4  5  6  7  8  9 10 11 |
---------------+----------------------------------+-----
Axes           | 3 4 5 6 7 14 | 14.1
Translocations | 5 |  5.0
Invocations    | 2 3 |  3.2
Fighting       | 7 |  7.0
Spellcasting   | 5 |  5.0
Conjurations   | 5 |  5.0
Throwing       | 1 |  1.6
Fire Magic     | 4 |  4.9
Dodging        | |  2.1

Action                   |  1- 3 |  4- 6 |  7- 9 | 10-12 || total
-------------------------+-------+-------+-------+-------++-------
Melee: Hand axe          |   132 |       |       |       ||   132
       Tailslap          |    16 |    12 |    41 |    44 ||   113
       Kick              |    18 |    20 |    73 |     9 ||   120
       War axe           |    24 |   136 |    45 |       ||   205
       Battleaxe         |       |       |   228 |   318 ||   546
Throw: Tomahawk          |       |    14 |       |       ||    14
       Javelin           |       |       |     2 |       ||     2
 Cast: Shroud of Golubri |     1 |     2 |       |       ||     3
       Blink             |       |     5 |       |       ||     5
Invok: Line Pass         |       |       |     1 |     1 ||     2
       Stomp             |       |       |       |     1 ||     1
 Abil: Breathe Fire      |       |       |     1 |     3 ||     4
  Use: Scroll            |    10 |     1 |     3 |     2 ||    16
       Potion            |     5 |       |     7 |     2 ||    14
 Stab: Sleeping          |     1 |       |       |       ||     1
       Paralysed         |       |     1 |     8 |    15 ||    24
       Confused          |       |       |     1 |       ||     1
  Eat: Chunk             |     3 |     6 |    14 |    15 ||    38
       Pizza             |       |       |       |     1 ||     1
Armor: Skin              |    66 |    54 |   120 |   187 ||   427
Dodge: Dodged            |   124 |    88 |   168 |   259 ||   639
